 Dungeon Crawl Stone Soup version 0.26-a0-1080-g4c0aae810e (webtiles) character file.

Game seed: 14358947036564780147

42 night the Stinger (level 3, -6/26 HPs)
             Began as a Demonspawn Venom Mage on Dec 14, 2020.
             Killed by divine providence
             ... invoked by an orc priest
              (16 damage)
             ... on level 2 of the Dungeon.
             The game lasted 00:04:14 (1564 turns).

night the Stinger (Demonspawn Venom Mage)           Turns: 1564, Time: 00:04:14

Health: -6/26      AC:  4    Str:  8    XL:     3   Next: 35%
Magic:  2/6        EV: 12    Int: 17    God:
Gold:   35         SH:  0    Dex: 13    Spells: 0/7 levels left

rFire    . . .     SeeInvis .   l - +0 dagger
rCold    . . .     Faith    .   (no shield)
rNeg     . . .     Spirit   .   a - +0 robe
rPois    .         Reflect  .   (no helmet)
rElec    .         Harm     .   (no cloak)
rCorr    .         Rampage  .   (no gloves)
Will     .....                  (no boots)
Stlth    ++........             (no amulet)
HPRegen  0.08/turn              (no ring)
MPRegen  0.10/turn              (no ring)

@: no status effects
A: slimy green scales 1, spiny 1
a: no special abilities


You were on level 2 of the Dungeon.
You visited 1 branch of the dungeon, and saw 2 of its levels.

You collected 35 gold pieces.

Inventory:

Hand Weapons
 l - a +0 dagger (weapon)
Missiles
 b - 21 sling bullets
 e - 21 stones
 i - 12 poisoned darts
Armour
 a - a +0 robe (worn)
Scrolls
 d - a scroll of remove curse
 f - a scroll of identify {unknown}
 j - a scroll of fear {unknown}
 k - a scroll of enchant armour {unknown}
 m - a scroll of noise {unknown}
Potions
 g - a potion of degeneration {unknown}
 h - a potion of might {unknown}


   Skills:
 + Level 1.5 Fighting
 - Level 1.7 Dodging
 - Level 1.7 Stealth
 + Level 2.5 Spellcasting
 - Level 0.8 Transmutations
 + Level 3.5 Poison Magic


You couldn't memorise any spells.
You knew the following spells:

 Your Spells              Type           Power        Failure   Level
a - Sting                 Tmut/Pois      #...         8%          1
c - Ignite Poison         Fire/Tmut/Pois #.......     30%         3
e - Mephitic Cloud        Conj/Pois/Air  #.......     34%         3

Your spell library contained the following spells:

 Spells                   Type           Power        Failure   Level
 Poisonous Vapours        Pois/Air       #.....       13%         2
 Olgreb's Toxic Radiance  Pois           ##......     38%         4


Dungeon Overview and Level Annotations

Branches:
Dungeon (2/15)

Altars:


Innate Abilities, Weirdness & Mutations

You are partially covered in slimy green scales. (AC +2)
You are partially covered in sharp spines.


Message History

Aim: an orc priest, wearing a +0 leather armour (lightly wounded, poisoned, 32% to evade)
The sting misses the orc priest.
An orc comes into view. It is wielding a +0 flail.
An orc comes into view. It is wielding a +0 dagger.
The orc priest calls down the wrath of Beogh upon you.
Beogh smites you!
Ouch! That really hurt!
Your magical contamination has completely faded away.
The orc priest looks more healthy.
The orc priest mumbles some strange prayers to Beogh against you.
Pain shoots through your body!
* * * LOW HITPOINT WARNING * * *
It was a potion of heal wounds.
You feel much better.
The orc priest looks braver for a moment.
The orc priest mumbles some strange prayers to Beogh against you.
Pain shoots through your body!
The orc priest calls down the wrath of Beogh upon you.
Beogh smites you!
Ouch! That really hurt!
You die...

#.#.####.#.......# #.#.#
#.#....#.#.......###.#.#
#.##.#.#.#...........#.#
####......#.###.#########.#
#.........#.# #.....# #.#
#.........#.# #†###.#####.#
#........##.# #..<#.......#
#........##.###################
#.............@....ooo.....o..#
#.........#.#################o#
#.......#.#...# #.......#.....#
#########...### #......
#...#### #..># #.#.#


You could see 2 orc priests and an orc.

Vanquished Creatures
  An adder (D:2)
  3 worms (D:2)
  A dart slug (D:1)
  A ball python (D:1)
  4 bats (D:1)
  2 giant cockroaches (D:1)
  3 hobgoblins (D:1)
  2 kobolds (D:1)
  A frilled lizard (D:1)
  2 goblins (D:2)
  3 rats
23 creatures vanquished.

Notes
Turn   | Place    | Note
-------+----------+-------------------------------------------
     0 | D:1      | night the Demonspawn Venom Mage began the quest for the
                  | Orb.
     0 | D:1      | Reached XP level 1. HP: 13/13 MP: 3/3
   409 | D:1      | Gained mutation: You are partially covered in sharp spines.
                  | [demonic ancestry]
   409 | D:1      | Reached XP level 2. HP: 20/20 MP: 0/5
   535 | D:1      | Reached skill level 1 in Fighting
  1369 | D:2      | Gained mutation: You are partially covered in slimy green
                  | scales. (AC +2) [demonic ancestry]
  1369 | D:2      | Reached XP level 3. HP: 22/26 MP: 4/6
  1483 | D:2      | Learned a level 3 spell: Mephitic Cloud
  1487 | D:2      | Learned a level 3 spell: Ignite Poison
  1560 | D:2      | HP: 1/26 [orc priest/nerve-wracking pain (12)]
  1564 | D:2      | Killed from afar by an orc priest

Illustrated notes

Levels and vault maps discovered:
D:1:      onia_arrival_pentagram, layout_loops_ring, minmay_misc_feat_doors,
          hangedman_decor_growths, chequers_serial_rivers_micro_d
D:2:      layout_basic, general_overflow_altar

Skill      XL: |  1  2 |
---------------+-------+-----
Fighting       | 1 |  1.5
Dodging        | |  1.7
Stealth        | |  1.7
Spellcasting   | |  2.5
Transmutations | |  0.8
Poison Magic   | |  3.5

Action                   || total
-------------------------++-------
Melee: Unarmed           ||     6
       Short sword       ||     9
 Cast: Sting             ||    37
  Use: Scroll            ||     1
       Potion            ||     1
 Stab: Sleeping          ||     1
Armor: Robe              ||    15
Dodge: Dodged            ||    23

Table legend: (Time is in decaauts)
 A = Elapsed time spent in this place.
 B = Non-inter-level travel time spent in this place.
 C = Inter-level travel time spent in this place.
 D = Time resting spent in this place.
 E = Time spent auto-exploring this place.
 F = Levels seen in this place.
 G = Mean time per level.
                   A        B        C        D        E       F      G
               +--------+--------+--------+--------+--------+-----+--------+
         Total |   1563 |   1527 |     36 |    545 |    739 |   2 |  781.5 |
       Dungeon |   1563 |   1527 |     36 |    545 |    739 |   2 |  781.5 |
               +--------+--------+--------+--------+--------+-----+--------+

Top non-repeatable levels by time:
     D:1: 985 daAuts
     D:2: 578 daAuts
